 Dungeon Crawl Stone Soup version bcrawl-1.19.2-6-g6a88ae04c9 (webtiles) character file.

Game seed: 8358368021494642627

13109 Mrkan the Cleaver (level 11, -2/90 HPs)
             Began as a Minotaur Fighter on Dec 29, 2019.
             Was an Elder of Hepliaklqana.
             Slain by a 16-headed hydra (5 damage)
             ... on level 2 of the Lair of Beasts.
             The game lasted 00:13:32 (9916 turns).

Mrkan the Cleaver (Minotaur Fighter)                Turns: 9916, Time: 00:13:32

Health: -2/90      AC: 19    Str: 24    XL:     11   Next: 71%
Magic:  13/13      EV:  6    Int:  5    God:    Hepliaklqana [****..]
Gold:   774        SH: 14    Dex: 12    Spells: 10/10 levels left

rFire    . . .     SeeInvis .   c - +8 hand axe of Spite {elec, Str+2}
rCold    . . .     Gourm    .   y - +2 shield
rNeg     . . .     Faith    .   B - +0 plate armour
rPois    +         Spirit   .   (helmet restricted)
rElec    +         Reflect  .   s - +2 cloak
rCorr    .         Harm     .   H - +0 pair of gloves
MR       .....                  (no boots)
Stlth    ..........             t - amulet of the acrobat
HPRegen  0.25/turn              a - ring of insulation
MPRegen  0.13/turn              k - ring of poison resistance

@: no status effects
A: retaliatory headbutt, reduced essence, horns 2
a: Recall Ancestor, Ancestor Identity, Transference, Incarnate, Renounce
Religion


You were on level 2 of the Lair of Beasts.
You worshipped Hepliaklqana.
Hepliaklqana was greatly pleased with you.
You were very hungry.

You visited 2 branches of the dungeon, and saw 12 of its levels.

You collected 886 gold pieces.
You spent 112 gold pieces at shops.

Inventory:

Hand Weapons
 c - the +8 hand axe of Spite (weapon) {elec, Str+2}
   (You found it on level 5 of the Dungeon)

   Occasionally, upon striking a foe, it will discharge some electrical energy
   and cause terrible harm.
   It affects your strength (+2).
Armour
 s - a +2 cloak (worn)
 y - a +2 shield (worn)
 B - a +0 plate armour (worn)
 F - +0 fire dragon scales
 H - a +0 pair of gloves (worn)
Jewellery
 a - a ring of insulation (left hand)
 k - a ring of poison resistance (right hand)
 t - an amulet of the acrobat (around neck)
 O - a cursed ring of attention {unknown}
Wands
 E - a wand of enslavement (13)
 G - a wand of flame (29)
 I - a wand of paralysis (6)
 K - a wand of iceblast (11)
Scrolls
 i - 7 scrolls of enchant weapon {unknown}
 j - 7 scrolls of teleportation
 l - 4 scrolls of remove curse
 n - 3 scrolls of vulnerability {unknown}
 o - 3 scrolls of magic mapping {unknown}
 p - 12 scrolls of identify
 q - 3 scrolls of blinking
 r - 4 scrolls of fog {unknown}
 w - 2 scrolls of immolation {unknown}
 x - a scroll of amnesia {unknown}
 D - a scroll of fear {unknown}
 J - 3 scrolls of enchant armour {unknown}
Potions
 b - a potion of ambrosia {unknown}
 d - 2 potions of might
 e - 4 potions of heal wounds
 g - 2 potions of brilliance {unknown}
 h - a potion of haste
 m - 4 potions of agility
 u - 6 potions of curing
 v - 4 potions of flight {unknown}
 z - 2 potions of lignification {unknown}
 A - a potion of mutation {unknown}
 C - a potion of cancellation {unknown}
 L - a potion of invisibility {unknown}
 M - a potion of berserk rage {unknown}
Comestibles
 f - 20 rations {!d}
 N - 4 chunks of flesh


   Skills:
 + Level 10.5 Fighting
 * Level 13.6 Axes
 - Level 10.3 Armour
 + Level 10.5 Shields
 + Level 4.2 Invocations
 + Level 1.1 Evocations


You had 10 spell levels left.
You didn't know any spells.
Your spell library contained the following spells:

 Spells                   Type           Power        Failure   Level  Hunger
 Flame Tongue             Conj/Fire      #....        100%        1    ##.....
 Flaming Arrows           Chrm/Fire      #.......     100%        2    ###....
 Conjure Flame            Conj/Fire      #.......     100%        3    ####...
 Inner Flame              Hex/Fire       N/A          100%        3    ####...
 Sticky Flame             Conj/Fire      #.......     100%        4    #####..
 Fireball                 Conj/Fire      #.........   100%        5    ######.


Dungeon Overview and Level Annotations

Branches:
Dungeon (9/12)             Temple (0/1) D:5            Lair (3/6) D:8
  Swamp: Lair:2-4    Shoals: Lair:2-4     Snake: Lair:2-4    Spider: Lair:2-4
    Orc: D:8-11

Altars:
Ashenzari
Cheibriados
Dithmenos
Gozag
Hepliaklqana
Lugonu
Makhleb
Okawaru
Ru
Sif Muna
Uskayaw
Wu Jian
Yredelemnul
Zin

Shops:
D:5 !

Annotations:
D:8 3 runed translucent doors, Lexodia's ghost, novice DsAc


Innate Abilities, Weirdness & Mutations

You reflexively headbutt those who attack you in melee.
You have a pair of horns on your head.
Your life essence is reduced to manifest your ancestor. (-10% HP)


Message History

The 15-headed hydra bites you but does no damage.
You block the 15-headed hydra's attack. x2
The 15-headed hydra bites you but does no damage.
The 15-headed hydra barely misses you.
The 15-headed hydra bites you but does no damage.
The 15-headed hydra closely misses you. x3
The 15-headed hydra bites you but does no damage. x3
You climb upwards.
There is a stone staircase leading down here.
Okay, then.
You slice one of the 15-headed hydra's heads off!
The 14-headed hydra grows two more!
You slash the 16-headed hydra!
Lightning courses through the 16-headed hydra!
The 16-headed hydra is almost dead.
You barely miss the 16-headed hydra.
Your headbutt misses the 16-headed hydra.
The 16-headed hydra is almost dead.
The 16-headed hydra bites you but does no damage. x3
You block the 16-headed hydra's attack. x2; The 16-headed hydra bites you.
You die...

###..P.#####.#♣♣P♣ ♣♣
##............(♣ ♣P♣ ♣P
#P..#.....#...#P♣ ♣P♣♣♣♣♣.
##......P.....♣♣♣♣♣♣.♣.♣♣.
##...P...#.....#♣P♣♣....♣..
#.#..#...#.....P..♣........
###...............♣.♣.....♣
#P......D...P......♣♣.♣..♣
#.....P..@#.P.#♣..♣♣P.♣.♣♣
##..#..........♣♣.♣♣..♣P♣
#..........P..♣♣♣♣♣♣.♣♣♣
#..#.#...#.....♣ ♣♣..♣♣
##........#.#.P.♣ ♣...P♣
#...P.........P.♣♣ ♣..♣♣PP
##....#.......#..♣♣♣...♣♣♣
#..........#.#.#.♣♣...♣♣♣
##.....................##.


You could see a 16-headed hydra.

Vanquished Creatures
  A two-headed ogre (D:9)
  A centaur warrior (D:6)
  2 cane toads (Lair:1)
  A komodo dragon (Lair:2)
  A troll (D:8)
  2 hippogriffs
  3 blink frogs (Lair:1)
  A spriggan (D:7)
  15 yaks
  A hungry ghost (D:9)
  Grum (D:9)
  3 water moccasins
  8 crocodiles
  3 porcupines
  4 orc warriors
  2 ice beasts (D:9)
  4 sky beasts
  3 black bears
  2 ogres
  7 wolves
  A centaur (D:5)
  9 bullfrogs
  A gnoll sergeant (D:5)
  A wyvern zombie (D:8)
  2 scorpions
  5 killer bees (D:9)
  3 wights (D:5)
  2 howler monkeys
  5 crimson imps
  A centaur zombie (D:5)
  2 bullfrog zombies
  5 orc priests
  Crazy Yiuf (D:3)
  4 hounds
  A bullfrog skeleton (D:3)
  3 iguanas
  11 orc wizards
  4 worker ants
  A killer bee zombie (D:9)
  A hound zombie (D:8)
  A howler monkey zombie (D:6)
  11 gnolls
  5 adders
  A shadow imp (D:7)
  An ooze (D:1)
  An adder zombie (D:8)
  2 adder skeletons
  3 worms
  3 dart slugs
  6 leopard geckos
  21 orcs
  3 giant cockroaches
  3 goblins
  10 hobgoblins
  3 jackals (D:5)
  4 quokkas
  A ball python (D:2)
  6 bats
  3 frilled lizards
  6 kobolds
  5 rats
  5 fungi
  6 plants
238 creatures vanquished.

Vanquished Creatures (collateral kills)
  A komodo dragon (Lair:1)
  A rime drake (Lair:3)
  A yak (Lair:2)
  A porcupine (Lair:3)
  A water moccasin (Lair:1)
  2 centaurs
  Blork the orc (D:3)
  An electric eel (Lair:1)
  A hound (D:7)
  2 adders (D:4)
  2 orcs (D:6)
  A goblin (D:4)
  A frilled lizard (D:5)
16 creatures vanquished.

Vanquished Creatures (others)
  2 hexers
  An ancestor (D:5)
  A fungus (Lair:3)
4 creatures vanquished.

Grand Total: 258 creatures vanquished

Notes
Turn   | Place    | Note
-------+----------+-------------------------------------------
     0 | D:1      | Mrkan the Minotaur Fighter began the quest for the Orb.
     0 | D:1      | Reached XP level 1. HP: 19/19 MP: 0/0
   252 | D:1      | Reached XP level 2. HP: 26/27 MP: 1/1
   317 | D:1      | Reached skill level 3 in Axes
   777 | D:2      | Reached XP level 3. HP: 33/33 MP: 2/2
   811 | D:2      | Reached XP level 4. HP: 11/40 MP: 3/3
  1208 | D:2      | Found a snail-covered altar of Cheibriados.
  1238 | D:2      | Found a hazy altar of Hepliaklqana.
  1252 | D:2      | Became a worshipper of Hepliaklqana the Forgotten
  1446 | D:2      | Reached skill level 4 in Axes
  1725 | D:3      | Found a basalt altar of Yredelemnul.
  1725 | D:3      | Found a hide-covered altar of Uskayaw.
  1733 | D:3      | Found a sacrificial altar of Ru.
  1735 | D:3      | Found an opulent altar of Gozag.
  1737 | D:3      | Found a shattered altar of Ashenzari.
  1774 | D:3      | Reached XP level 5. HP: 41/42 MP: 4/4
  1923 | D:3      | Found a runed door.
  1927 | D:3      | Noticed Crazy Yiuf
  1931 | D:3      | Killed Crazy Yiuf
  2129 | D:3      | Noticed Blork the orc
  2136 | D:3      | Found a shimmering blue altar of Sif Muna.
  2177 | D:3      | Killed Blork the orc
  2177 | D:3      | Reached skill level 5 in Axes
  2617 | D:4      | Reached XP level 6. HP: 37/49 MP: 5/5
  2721 | D:4      | Reached * piety under Hepliaklqana
  2767 | D:4      | Reached skill level 5 in Armour
  2774 | D:4      | Reached skill level 5 in Fighting
  2774 | D:4      | Reached skill level 5 in Shields
  2987 | D:4      | Found an iron altar of Okawaru.
  3464 | D:5      | Entered Level 5 of the Dungeon
  3487 | D:5      | Reached skill level 6 in Axes
  3487 | D:5      | Reached XP level 7. HP: 41/54 MP: 6/6
  3627 | D:5      | Found a staircase to the Ecumenical Temple.
  3714 | D:5      | Reached skill level 7 in Axes
  3717 | D:5      | HP: 2/55 [orc priest/divine providence (12)]
  4019 | D:5      | Got a transparent hand axe
  4074 | D:5      | Reached XP level 8. HP: 53/63 MP: 7/7
  4304 | D:5      | Reached skill level 8 in Axes
  4380 | D:5      | Found Okhloras's Distillery.
  4399 | D:5      | Bought a potion of curing for 42 gold pieces
  4399 | D:5      | Bought a potion of heal wounds for 70 gold pieces
  4830 | D:6      | Identified the +8 hand axe of Spite {elec, Str+2} (You
                  | found it on level 5 of the Dungeon)
  4960 | D:6      | Reached ** piety under Hepliaklqana
  5023 | D:6      | Remembered your ancestor Iltani as a hexer
  5114 | D:6      | Noticed a centaur warrior
  5121 | D:6      | Killed a centaur warrior
  5121 | D:6      | Reached skill level 9 in Axes
  5121 | D:6      | Reached XP level 9. HP: 53/71 MP: 8/8
  5918 | D:7      | Reached skill level 10 in Axes
  6198 | D:7      | Found a shadowy altar of Dithmenos.
  6484 | D:8      | Noticed a troll
  6489 | D:8      | Killed a troll
  6507 | D:8      | Reached skill level 11 in Axes
  6511 | D:8      | Reached XP level 10. HP: 76/81 MP: 9/9
  6553 | D:8      | Reached *** piety under Hepliaklqana
  6970 | D:8      | Noticed Lexodia's ghost (novice DsAc)
  6978 | D:8      | Found a runed translucent gate.
  6978 | D:8      | Found a runed translucent gate.
  6978 | D:8      | Found a runed translucent gate.
  7044 | D:8      | Found a staircase to the Lair.
  7163 | D:8      | Found a corrupted altar of Lugonu.
  7185 | D:8      | Found a sacrificial altar of Ru.
  7554 | D:9      | Noticed Grum
  7576 | D:9      | Killed Grum
  7576 | D:9      | Reached skill level 12 in Axes
  7576 | D:9      | Reached skill level 1 in Invocations
  7640 | D:9      | Noticed a two-headed ogre
  7651 | D:9      | Killed a two-headed ogre
  7710 | D:9      | Found a glowing silver altar of Zin.
  7807 | D:9      | Found a burning altar of Makhleb.
  7917 | D:9      | Found an ornate altar of the Wu Jian Council.
  8323 | Lair:1   | Entered Level 1 of the Lair of Beasts
  8378 | Lair:1   | Reached XP level 11. HP: 80/89 MP: 11/11
  8550 | Lair:1   | Reached **** piety under Hepliaklqana
  8721 | Lair:1   | Reached skill level 10 in Shields
  8806 | Lair:1   | Reached skill level 10 in Armour
  8811 | Lair:1   | Reached skill level 10 in Fighting
  8811 | Lair:1   | Reached skill level 13 in Axes
  9889 | Lair:3   | Noticed an eight-headed hydra
  9894 | Lair:3   | Reached skill level 1 in Evocations
  9905 | Lair:3   | HP: 3/90 [15-headed hydra (3)]
  9913 | Lair:3   | HP: 2/90 [15-headed hydra (3)]
  9916 | Lair:2   | Slain by a 16-headed hydra

Skill      XL: |  1  2  3  4  5  6  7  8  9 10 11 |
---------------+----------------------------------+-----
Axes           | 3 4 5 6 7 9 11 12 13 | 13.6
Armour         | 4 5 6 7 8 9 10 | 10.3
Shields        | 4 5 6 7 8 9 10 | 10.5
Fighting       | 4 5 6 7 8 9 10 | 10.5
Invocations    | 2 4 |  4.2
Evocations     | 1 |  1.1

Action                   |  1- 3 |  4- 6 |  7- 9 | 10-12 || total
-------------------------+-------+-------+-------+-------++-------
Melee: War axe           |    57 |   126 |   105 |       ||   288
       Headbutt          |     9 |    22 |    44 |    47 ||   122
       Hand axe          |       |       |    97 |   241 ||   338
Invok: Ancestor Identity |       |     1 |       |       ||     1
       Ancestor Life: He |       |       |     1 |       ||     1
Evoke: Wand              |       |       |       |     1 ||     1
  Use: Scroll            |       |       |     3 |     1 ||     4
 Stab: Distracted        |       |       |     2 |       ||     2
  Eat: Chunk             |       |     8 |    10 |    11 ||    29
Armor: Scale mail        |    28 |    67 |    32 |       ||   127
       Plate armour      |       |       |    51 |    99 ||   150
Dodge: Dodged            |    22 |    40 |    33 |    65 ||   160
Block: Shield            |    33 |    76 |   115 |   149 ||   373
